 Dungeon Crawl Stone Soup version 0.29-a0-563-g64e4043184 (webtiles) character file.

Game seed: 13480522702589559763

72884 gruber the Tortoise (level 15, -9/207 HPs)
             Began as a Minotaur Berserker on June 11, 2022.
             Was an Elder of Trog.
             Mangled by an orc knight
             ... wielding a +1 halberd
              (34 damage)
             ... on level 2 of the Orcish Mines.
             The game lasted 00:28:32 (31028 turns).

gruber the Tortoise (Minotaur Berserker)           Turns: 31028, Time: 00:28:32

Health: -9/207     AC: 17    Str: 28    XL:     15   Next: 2%
Magic:  1/14       EV: 16    Int:  4    God:    Trog [****..]
Gold:   1683       SH:  0    Dex: 11    Spells: 14/14 levels left

rFire   + . .      SeeInvis .   B - +9 long sword of the Sugar Beet {vorpal, rC++ rN+}
rCold   + + .      Faith    .   (no shield)
rNeg    + . .      Spirit   .   I - +2 scale mail {Will+}
rPois   +          Reflect  .   L - +1 hat {Will+}
rElec   .          Harm     .   q - +0 cloak
rCorr   .          Rampage  .   (no gloves)
Will    +++..                   a - +0 pair of boots
Stlth   ..........              (no amulet)
HPRegen 0.44/turn               K - ring of poison resistance
MPRegen 0.14/turn               T - ring of protection from fire

@: berserking, very quick
A: horns 2, retaliatory headbutt
a: Renounce Religion, Berserk, Trog's Hand, Brothers in Arms


You were on level 2 of the Orcish Mines.
You worshipped Trog.
Trog was greatly pleased with you.
You visited 3 branches of the dungeon, and saw 21 of its levels.
You also visited: Sewer.

You collected 1912 gold pieces.
You spent 229 gold pieces at shops.

Inventory:

Hand Weapons
 h - a +0 long sword of flaming
 B - the +9 long sword of the Sugar Beet (weapon) {vorpal, rC++ rN+}
   (You found it on level 4 of the Dungeon)

   It inflicts extra damage upon your enemies.
   rC:        It greatly protects you from cold.
   rN:        It protects you from negative energy.
Missiles
 b - 26 poisoned darts (quivered)
 E - 2 throwing nets
 N - 2 curare-tipped darts
 Z - 6 javelins
Armour
 a - a +0 pair of boots (worn)
 q - a +0 cloak (worn)
 I - a +2 scale mail of willpower (worn)
 L - a +1 hat of willpower (worn)
Jewellery
 c - a ring of protection from cold
 u - a +4 ring of protection
 K - a ring of poison resistance (left hand)
 T - a ring of protection from fire (right hand)
Wands
 n - a wand of mindburst (14)
 C - a wand of iceblast (10)
 O - a wand of acid (13)
 R - a wand of digging (7)
 W - a wand of polymorph (4)
 Y - a wand of paralysis (3)
Scrolls
 d - 5 scrolls of magic mapping
 e - 3 scrolls of blinking
 f - 9 scrolls of teleportation
 j - 4 scrolls of fog {unknown}
 k - 3 scrolls of silence {unknown}
 l - a scroll of acquirement {unknown}
 o - 2 scrolls of amnesia {unknown}
 p - 3 scrolls of enchant weapon {unknown}
 s - 5 scrolls of fear {unknown}
 w - 4 scrolls of enchant armour {unknown}
 x - 2 scrolls of torment {unknown}
 y - 2 scrolls of poison {unknown}
 A - 2 scrolls of immolation {unknown}
 M - a scroll of brand weapon
 Q - a scroll of summoning
Potions
 g - 8 potions of heal wounds
 i - 4 potions of brilliance
 m - 12 potions of curing
 r - 3 potions of attraction
 v - 2 potions of mutation
 z - 2 potions of ambrosia
 D - 6 potions of flight
 F - 3 potions of invisibility
 G - a potion of resistance {unknown}
 J - 3 potions of degeneration
 P - 2 potions of haste {unknown}
 S - a potion of magic
 U - 2 potions of lignification
 V - 3 potions of cancellation


   Skills:
 - Level 14.0 Fighting
 - Level 15.0 Long Blades
 - Level 1.1 Maces & Flails
 - Level 0.1 Bows
 - Level 8.3 Throwing
 - Level 17.1 Armour
 * Level 14.9 Dodging


You had 14 spell levels left.
You didn't know any spells.
Your spell library was empty.

Dungeon Overview and Level Annotations

Branches:
Dungeon (13/15)            Temple (0/1) D:7            Lair (6/6) D:9
  Swamp (0/4) Lair:3       Spider (0/4) Lair:3        Slime (0/5) Lair:5
    Orc (2/2) D:10            Elf (0/3) Orc:2         Sewer (visited)
 Vaults: D:13-14

Altars:
Cheibriados
Dithmenos
Elyvilon
Gozag
Hepliaklqana
Nemelex Xobeh
Okawaru
Vehumet
Jiyva

Shops:
D:5 :   D:9 ?   D:11 (   D:12 [   Orc:1 *

Annotations:
Lair:5 1 runed translucent door


Innate Abilities, Weirdness & Mutations

You have a pair of horns on your head.
You reflexively headbutt those who attack you in melee.


Message History

The orc knight hits you from afar with a +1 halberd.
You are too injured to fight recklessly!
Unknown command.
A red film seems to cover your vision as you go berserk!
You feel yourself moving faster!
You feel mighty!
The orc knight no longer looks unusually strong.
The orc knight completely misses you.
The orc knight roars a battlecry!
The orc knights go into a battle-frenzy!
Unknown command.
Unknown command.
You slash the orc knight! You headbutt the orc knight!
The orc knight is almost dead.
You hit the orc knight.
You kill the orc knight!
Trog accepts your kill. The orc knight closely misses you.
The orc knight unwields a +0 arbalest.
The orc knight wields a +1 long sword.
The orc knight hits you with a +1 long sword!!!
* * * LOW HITPOINT WARNING * * *
You have reached level 15!
Your experience leads to an increase in your attributes!
Increase (S)trength, (I)ntelligence, or (D)exterity?
You feel stronger. x2
You slice the orc knight!!
The orc knight is heavily wounded.
You hit the orc knight. You headbutt the orc knight!
The orc knight is severely wounded.
The orc knight misses you.
The orc knight hits you with a +1 long sword!
* * * LOW HITPOINT WARNING * * *
You slice the orc knight!!
You kill the orc knight!
Trog accepts your kill.
You slash the orc knight! Your headbutt misses the orc knight.
The orc knight is lightly wounded.
The orc knight hits you with a +2 dire flail!!
* * * LOW HITPOINT WARNING * * *
The orc knight hits you from afar with a +1 halberd!!
You die...

##.###.........##
#....###.........
##....#..........
#.....#..........
###............... #######
#......)...#...... ###.....###
#.....)...........
###.........####.................
#.............##@)...............
...............#)o.)..#..........
.#.#.#.#.#.#o#o#oo...............
..........ooo.).)....))..........
.................)...............
...............)..............##.
.#.#.#.#.#.#.#.#.....).........#.
...............#.................
#.............##.))..............


You could see 2 orc knights and an orc warrior (strong).

Vanquished Creatures
  Gastronok (D:10)
  Josephine (Orc:1)
  The ghost of robertstho the Protected, a journeyman MiBe of Trog (D:10)
  4 boulder beetles
  6 hydras
  A merfolk avatar (Lair:6)
  An ogre mage (D:12)
  2 centaur warriors (D:13)
  A catoblepas (D:11)
  3 two-headed ogres
  7 death yaks
  An orc high priest (Orc:2)
  Urug (Lair:6)
  An orb spider (Lair:3)
  Pikel (D:6)
  5 orc knights (Orc:2)
  An orc sorcerer (Orc:2)
  2 ugly things
  7 manticores
  9 elephants
  4 cyclopes
  5 black mambas
  Maggie (D:8)
  A torpor snail (Lair:5)
  8 cane toads
  4 kobold demonologists
  A gargoyle (D:12)
  2 unseen horrors (D:10)
  6 rime drakes
  12 komodo dragons
  12 trolls
  2 wind drakes (Lair:6)
  2 hornets (Lair:6)
  3 polar bears
  Grinder (D:3)
  14 blink frogs
  7 slime creatures
  A snapping turtle (Lair:6)
  A shadow (D:11)
  2 vampires
  6 wyverns
  43 yaks
  10 wraiths
  5 basilisks
  3 steam dragons
  9 vampire mosquitoes
  A warg (Orc:2)
  3 swamp worms (Lair:3)
  2 acid dragons
  18 water moccasins
  25 orc warriors
  An ice beast (D:7)
  2 black bears
  23 wolves
  2 ogres
  7 centaurs
  A lemure (D:6)
  A phantom (D:6)
  4 kobold brigands
  9 bullfrogs
  2 gnoll sergeants
  4 scorpions
  3 necrophages
  5 wights (D:9)
  11 killer bees
  A howler monkey (D:8)
  2 jellies (D:5)
  5 electric eels
  11 hounds
  Crazy Yiuf (D:2)
  24 orc priests
  3 iguanas (D:5)
  Jessica (D:3)
  18 orc wizards
  6 adders
  6 gnolls
  2 white imps
  2 ufetubi (D:6)
  4 dart slugs
  82 orcs
  4 bats
  6 endoplasms
  15 giant cockroaches
  4 goblins
  6 hobgoblins
  6 jackals
  5 quokkas
  10 ball pythons
  7 frilled lizards
  19 kobolds
  3 rats
598 creatures vanquished.

Vanquished Creatures (collateral kills)
  A komodo dragon (Lair:2)
  A polar bear (Lair:2)
  A wyvern (Lair:2)
  A yak (Lair:2)
  A water moccasin (Lair:2)
  A black bear (Lair:2)
  A bullfrog (Lair:2)
7 creatures vanquished.

Vanquished Creatures (others)
  A bush (Lair:6)
  A butterfly (D:7)
  43 fungi
  63 plants
108 creatures vanquished.

Grand Total: 713 creatures vanquished

Notes
Turn   | Place    | Note
-------+----------+-------------------------------------------
     0 | D:1      | gruber the Minotaur Berserker began the quest for the Orb.
     0 | D:1      | Reached XP level 1. HP: 19/19 MP: 0/0
   401 | D:1      | Reached XP level 2. HP: 20/26 MP: 1/1
   994 | D:2      | Reached skill level 5 in Long Blades
   994 | D:2      | Reached XP level 3. HP: 28/31 MP: 2/2
  1601 | D:2      | Found a runed translucent door.
  1602 | D:2      | Noticed Crazy Yiuf
  1835 | D:2      | Killed Crazy Yiuf
  1836 | D:2      | Reached XP level 4. HP: 39/39 MP: 3/3
  1979 | D:3      | Found a glowing drain.
  1992 | D:3      | Reached ** piety under Trog
  2007 | Sewer    | Entered a sewer
  2639 | Sewer    | Noticed a bullfrog
  2648 | Sewer    | Killed a bullfrog
  2649 | Sewer    | Reached XP level 5. HP: 45/45 MP: 4/4
  2773 | D:3      | Found an opulent altar of Gozag.
  2960 | D:3      | Noticed Jessica
  2963 | D:3      | Killed Jessica
  2975 | D:3      | Noticed Grinder
  2983 | D:3      | Paralysed by Grinder for 4 turns
  2989 | D:3      | Killed Grinder
  2990 | D:3      | Reached XP level 6. HP: 13/51 MP: 5/5
  3801 | D:4      | Identified the +9 long sword of the Sugar Beet {vorpal,
                  | rC++ rN+}
  4332 | D:4      | Reached XP level 7. HP: 60/60 MP: 6/6
  4334 | D:4      | Reached skill level 5 in Fighting
  4356 | D:4      | Found a radiant altar of Vehumet.
  4622 | D:4      | Found a shadowy altar of Dithmenos.
  4703 | D:5      | Entered Level 5 of the Dungeon
  4939 | D:5      | Noticed a wyvern
  4993 | D:5      | Killed a wyvern
  5108 | D:5      | Reached *** piety under Trog
  5113 | D:5      | Reached XP level 8. HP: 57/74 MP: 7/7
  5507 | D:5      | Reached skill level 5 in Dodging
  5685 | D:5      | Found Mofaysoch's Book Boutique.
  6210 | D:6      | Noticed Pikel
  6233 | D:6      | Killed Pikel
  6234 | D:6      | Reached skill level 6 in Armour
  6234 | D:6      | Reached XP level 9. HP: 56/81 MP: 8/8
  6348 | D:6      | Found an iron altar of Okawaru.
  6472 | D:6      | Reached skill level 7 in Armour
  6786 | D:6      | Found a snail-covered altar of Cheibriados.
  7033 | D:7      | Reached skill level 8 in Armour
  7273 | D:7      | Reached skill level 9 in Armour
  7324 | D:7      | Reached **** piety under Trog
  7476 | D:7      | Found a staircase to the Ecumenical Temple.
  7747 | D:7      | Found a white marble altar of Elyvilon.
  7915 | D:7      | Found the +5 scythe "Finisher" {speed, eviscerate}
  8340 | D:8      | Reached skill level 10 in Long Blades
  8618 | D:8      | Noticed Maggie
  8628 | D:8      | Killed Maggie
  8669 | D:8      | Reached XP level 10. HP: 85/88 MP: 9/9
  9483 | D:9      | Found Ruojer's Magic Scroll Shop.
  9713 | D:9      | Noticed a two-headed ogre
  9727 | D:9      | Killed a two-headed ogre
 10050 | D:9      | Reached ***** piety under Trog
 10384 | D:9      | Reached XP level 11. HP: 57/94 MP: 10/10
 10599 | D:9      | Reached skill level 15 in Long Blades
 10718 | D:10     | Entered Level 10 of the Dungeon
 10718 | D:10     | Found a staircase to the Orcish Mines.
 11144 | D:10     | Noticed Gastronok
 11158 | D:10     | Killed Gastronok
 11159 | D:10     | Reached skill level 10 in Fighting
 11248 | D:10     | Noticed robertstho's ghost (journeyman MiBe)
 11252 | D:10     | Found a runed translucent door.
 11656 | D:10     | Killed robertstho's ghost
 11769 | D:11     | Noticed a catoblepas
 12021 | D:11     | Noticed a two-headed ogre
 12130 | D:10     | Killed a two-headed ogre
 12815 | D:11     | Noticed a boulder beetle
 12967 | D:10     | Killed a boulder beetle
 13129 | D:11     | Found Mumic's Antique Weapon Shop.
 13137 | D:11     | Bought a pitted long sword for 229 gold pieces
 13137 | D:11     | Identified the +1 long sword of Awoneyk {holy, rC+ rN++}
                  | (You bought it in a shop on level 11 of the Dungeon)
 13156 | D:11     | Noticed a boulder beetle
 13265 | D:11     | Killed a boulder beetle
 13468 | D:11     | Killed a catoblepas
 13469 | D:11     | Reached XP level 12. HP: 82/117 MP: 11/11
 14474 | D:12     | Found Gefohaew's Antique Armour Emporium.
 14491 | D:12     | Reached skill level 5 in Throwing
 14585 | D:12     | Noticed an ogre mage
 14587 | D:12     | Found a sparkling altar of Nemelex Xobeh.
 14587 | D:12     | Noticed a two-headed ogre
 14594 | D:12     | Killed an ogre mage
 14599 | D:12     | Killed a two-headed ogre
 15035 | D:12     | Found a hazy altar of Hepliaklqana.
 15481 | D:12     | Reached skill level 1 in Maces & Flails
 15818 | D:13     | Noticed a boulder beetle
 15832 | D:13     | Killed a boulder beetle
 15833 | D:13     | Reached skill level 10 in Armour
 16103 | D:13     | Noticed a four-headed hydra
 16113 | D:13     | Killed a one-headed hydra
 16383 | D:13     | Reached skill level 11 in Armour
 16589 | D:13     | Noticed a centaur warrior
 16589 | D:13     | Noticed a centaur warrior
 16595 | D:13     | Killed a centaur warrior
 16605 | D:13     | Killed a centaur warrior
 16853 | D:13     | Reached XP level 13. HP: 92/124 MP: 12/12
 16860 | D:13     | Reached skill level 12 in Armour
 17521 | D:9      | Found a staircase to the Lair.
 18049 | Lair:1   | Entered Level 1 of the Lair of Beasts
 18626 | Lair:1   | Reached skill level 13 in Armour
 19193 | Lair:2   | Reached skill level 14 in Armour
 21344 | Lair:3   | Found a hole to the Spider Nest.
 21356 | Lair:3   | Reached skill level 15 in Armour
 22045 | Lair:3   | Found a staircase to the Swamp.
 22579 | Lair:4   | Reached skill level 16 in Armour
 23630 | Lair:5   | Received a gift from Trog
 23799 | Lair:5   | Found a runed translucent door.
 23799 | Lair:5   | Found a viscous altar of Jiyva.
 23799 | Lair:5   | Found a staircase to the Slime Pits.
 23799 | Lair:5   | Noticed an acid blob
 23799 | Lair:5   | Noticed an acid blob
 23799 | Lair:5   | Noticed an acid blob
 24224 | Lair:5   | Reached skill level 17 in Armour
 24658 | Lair:5   | Reached XP level 14. HP: 120/132 MP: 13/13
 25285 | Lair:6   | Entered Level 6 of the Lair of Beasts
 25823 | Lair:6   | Reached skill level 10 in Dodging
 26928 | Lair:6   | Received a gift from Trog
 27749 | Lair:6   | Noticed Urug
 28329 | Lair:6   | Killed Urug
 29138 | Orc:1    | Entered Level 1 of the Orcish Mines
 29310 | Orc:1    | Found Icie's General Store.
 29513 | Orc:1    | Noticed Josephine
 29521 | Orc:1    | Killed Josephine
 29646 | Orc:2    | Entered Level 2 of the Orcish Mines
 30022 | Orc:2    | Found a staircase to the Elven Halls.
 30920 | Orc:2    | Received a gift from Trog
 31025 | Orc:2    | Reached XP level 15. HP: 62/138 MP: 1/14
 31028 | Orc:2    | Mangled by an orc knight

Illustrated notes

Levels and vault maps discovered:
D:1:      lemuel_arrival_rhombus, layout_basic, minivault_19,
          dreamdust_princess_corridor
D:2:      layout_rooms, minmay_misc_feat_tower, uniq_crazy_yiuf_cottage
D:3:      layout_loops_ring, mainiacjoe_overflow_boulevard,
          gup_sewer_entry_glass, uniq_grinder, uniq_jessica
D:4:      layout_loops_corners, mainiacjoe_overflow_alcove_4,
          nicolae_overflow_crystal_walls
D:5:      layout_gridville, serial_shops, nicolae_diamond_shop, grunt_tough_drop
D:6:      layout_gridville, okawaru_ov_weapons_minmay, kennysheep_slug_shrine,
          chequers_garden, uniq_pikel
D:7:      layout_basic, nicolae_elyvilon_peaceful_grove,
          lemuel_temple_firewalk_a
D:8:      layout_loops_corners, uniq_maggie
D:9:      minmay_skewed_foursquare, layout_stronghold, erik_lair_island,
          serial_shops, shop_fountains
D:10:     layout_rooms, david_orc_2, hellmonk_ghost_happy_afterlife,
          chequers_serial_rivers_small_b, grunt_ministairs_13, uniq_gastronok
D:11:     nzn_motion_control, layout_cross, serial_shops, shop_statue
D:12:     layout_basic, serial_shops, kennysheep_little_box,
          hangedman_feature_mirror
D:13:     layout_roguey, minmay_misc_feat_doors
Lair:1:   layout_long_grid
Lair:2:   layout_layer_cave, grunt_megastairs_2
Lair:3:   layout_long_grid, nicolae_swamp_entry_splash_gauntlet,
          nicolae_spider_entry_orb_guardian
Lair:4:   layout_roguey, lemuel_fruit_tree
Lair:5:   layout_cave_pods, slime_altar_2
Lair:6:   gammafunk_lair_ancient_temple, layout_layer_cave, uniq_urug
Orc:1:    layout_caves, serial_shops, nicolae_shop_trees, minmay_orc_temple_b,
          uniq_josephine
Orc:2:    st_orc_pillars, layout_caves

Skill      XL: |  1  2  3  4  5  6  7  8  9 10 11 12 13 14 |
---------------+-------------------------------------------+-----
Long Blades    | 4 5 6 7 9 10 14 15 | 15.0
Fighting       | 4 8 14 | 14.0
Dodging        | 3 6 8 14 | 14.9
Armour         | 6 9 11 17 | 17.1
Throwing       | 2 8 |  8.3
Maces & Flails | 1 |  1.1
Bows           | |  0.1

Action                   |  1- 3 |  4- 6 |  7- 9 | 10-12 | 13-15 || total
-------------------------+-------+-------+-------+-------+-------++-------
Melee: Falchion          |    73 |   128 |       |       |       ||   201
       Headbutt          |     7 |    21 |    31 |   112 |   241 ||   412
       Long sword        |       |    11 |   245 |   508 |  1004 ||  1768
       Punch             |       |     1 |     3 |     5 |    14 ||    23
Throw: Dart              |       |       |     4 |    25 |    13 ||    42
Invok: Berserk           |     2 |     3 |       |     5 |     3 ||    13
       Trog's Hand       |       |       |       |     2 |     6 ||     8
       Brothers in Arms  |       |       |       |       |     3 ||     3
  Use: Scroll            |       |       |       |    11 |    10 ||    21
       Potion            |       |       |       |       |     1 ||     1
Armor: Animal skin       |    16 |    43 |    30 |       |       ||    89
       Ring mail         |       |       |    24 |       |       ||    24
       Scale mail        |       |       |    66 |   285 |   373 ||   724
Dodge: Dodged            |    48 |    99 |   115 |   295 |   579 ||  1136

Table legend: (Time is in decaauts)
 A = Elapsed time spent in this place.
 B = Non-inter-level travel time spent in this place.
 C = Inter-level travel time spent in this place.
 D = Time resting spent in this place.
 E = Time spent auto-exploring this place.
 F = Levels seen in this place.
 G = Mean time per level.
                   A        B        C        D        E       F      G
               +--------+--------+--------+--------+--------+-----+--------+
         Total |  30804 |  29608 |   1196 |   2325 |  23514 |  22 | 1400.2 |
       Dungeon |  17296 |  16414 |    882 |   1362 |  13051 |  13 | 1330.5 |
          Lair |  10862 |  10568 |    294 |    768 |   8666 |   6 | 1810.3 |
  Orcish Mines |   1828 |   1809 |     19 |      0 |   1407 |   2 |  914.0 |
         Sewer |    817 |    817 |      0 |    195 |    389 |   1 |  817.0 |
               +--------+--------+--------+--------+--------+-----+--------+

Top non-repeatable levels by time:
  Lair:6: 3267 daAuts
     D:9: 2675 daAuts
  Lair:5: 2019 daAuts
    D:10: 1905 daAuts
  Lair:3: 1785 daAuts
    D:12: 1636 daAuts
    D:13: 1512 daAuts
  Lair:2: 1481 daAuts
     D:5: 1471 daAuts
   Orc:2: 1340 daAuts
  Lair:4: 1262 daAuts
     D:4: 1205 daAuts
    D:11: 1128 daAuts
     D:8: 1111 daAuts
     D:7: 1063 daAuts
